PBL
JOPLIN BLASTERS @ ROSWELL INVADERS
10/07/2049
 
TOP OF THE 1ST
Miami Beach Marlins batting - Pitching for Amarillo ThunderHeads : RHP Mario Lopez
Pitching: RHP Mario Lopez
Batting: LHB Mike Sammons 0-0: Called Strike
0-1: Ball
1-1: Ball
2-1: Fly out, F8 (Flyball, 8LS, EV 93.1 MPH)
Batting: RHB Ethan Roberts 0-0: Ground out 4-3 (Groundball, 4, EV 80.0 MPH)
Batting: SHB Carlos Rodriguez 0-0: Called Strike
0-1: Called Strike
0-2: Foul Ball, location: 2F
0-2: Ball
1-2: Ball
2-2: SOLO HOME RUN (Flyball, 89XD, EV 99.4 MPH), Distance : 432 ft
Batting: RHB Armando Colon 0-0: Foul Ball, location: 2F
0-1: Swinging Strike
0-2: Foul Ball, location: 2F
0-2: Ball
1-2: Fly out, F9 (Flyball, 9, EV 86.9 MPH)
Top of the 1st over - 1 run, 1 hit, 0 errors, 0 left on base; Miami Beach 1 - Amarillo 0
BOTTOM OF THE 1ST
Amarillo ThunderHeads batting - Pitching for Miami Beach Marlins : LHP Shigeki Takeuchi
Pitching: LHP Shigeki Takeuchi
Batting: RHB Mike Trujillo 0-0: Bunt for hit to 13 - play at first, batter OUT! 1-3
Batting: RHB Marços Berto 0-0: Called Strike
0-1: Swinging Strike
0-2: Ball
1-2: Ball
2-2: Strikes out looking
Batting: RHB Kisho Ito 0-0: Foul Ball, location: 2F
0-1: Called Strike
0-2: Strikes out looking
Bottom of the 1st over - 0 runs, 0 hits, 0 errors, 0 left on base; Miami Beach 1 - Amarillo 0
TOP OF THE 2ND
Miami Beach Marlins batting - Pitching for Amarillo ThunderHeads : RHP Mario Lopez
Batting: SHB Bill Burd 0-0: Foul Ball, location: 2F
0-1: Called Strike
0-2: Foul Ball, location: 2F
0-2: Ball
1-2: Fly out, F9 (Flyball, 9D, EV 108.8 MPH)
Batting: LHB Kyle Goodwin 0-0: Foul Ball, location: 2F
0-1: Called Strike
0-2: Foul Ball, location: 2F
0-2: Ground out 4-3 (Groundball, 4, EV 91.9 MPH)
Batting: RHB Kenny Dickey 0-0: Ball
1-0: Called Strike
1-1: Called Strike
1-2: Ball
2-2: Strikes out swinging
Top of the 2nd over - 0 runs, 0 hits, 0 errors, 0 left on base; Miami Beach 1 - Amarillo 0
BOTTOM OF THE 2ND
Amarillo ThunderHeads batting - Pitching for Miami Beach Marlins : LHP Shigeki Takeuchi
Batting: RHB Luis Mendoza 0-0: Fly out, F3 (Popup, 23F, EV 81.9 MPH)
Batting: LHB Javy Cisneros 0-0: Called Strike
0-1: Ball
1-1: SINGLE (Line Drive, 9S, EV 106.3 MPH)
Batting: SHB Manny Morales 0-0: Called Strike
Pickoff Throw by Catcher to First - Out!
0-1: Swinging Strike
0-2: Ball
1-2: Ball
2-2: Strikes out looking
Bottom of the 2nd over - 0 runs, 1 hit, 0 errors, 0 left on base; Miami Beach 1 - Amarillo 0
TOP OF THE 3RD
Miami Beach Marlins batting - Pitching for Amarillo ThunderHeads : RHP Mario Lopez
Batting: RHB Matt Heintz 0-0: Fly out, F7 (Flyball, 7S, EV 96.9 MPH)
Batting: LHB Shigeki Takeuchi 0-0: Ground out U3 (Groundball, 34, EV 105.6 MPH)
Batting: LHB Mike Sammons 0-0: Foul Ball, location: 2F
0-1: Ball
1-1: Ball
2-1: Called Strike
2-2: Ball
3-2: Base on Balls
Batting: RHB Ethan Roberts 0-0: Fielders Choice at 2nd, 5-4 (Groundball, 56, EV 91.9 MPH)
Top of the 3rd over - 0 runs, 0 hits, 0 errors, 1 left on base; Miami Beach 1 - Amarillo 0
BOTTOM OF THE 3RD
Amarillo ThunderHeads batting - Pitching for Miami Beach Marlins : LHP Shigeki Takeuchi
Batting: LHB Takeo Nishiguchi 0-0: Ball
1-0: Called Strike
1-1: Ball
2-1: Ball
3-1: Swinging Strike
3-2: Base on Balls
Batting: RHB Milion Kahangi 0-0: Ball
1-0: Ball
2-0: Fly out, F7 (Flyball, 7, EV 88.1 MPH)
Batting: RHB Mario Lopez 0-0: Sac Bunt - play at second, runner OUT -> throw to first, DP!
Bottom of the 3rd over - 0 runs, 0 hits, 0 errors, 0 left on base; Miami Beach 1 - Amarillo 0
TOP OF THE 4TH
Miami Beach Marlins batting - Pitching for Amarillo ThunderHeads : RHP Mario Lopez
Batting: SHB Carlos Rodriguez 0-0: Ball
1-0: Ball
2-0: Swinging Strike
2-1: Fly out, F7 (Flyball, 7LSF, EV 95.0 MPH)
Batting: RHB Armando Colon 0-0: Ball
1-0: Foul Ball, location: 2F
1-1: Ground out 6-3 (Groundball, 6, EV 81.9 MPH)
Batting: SHB Bill Burd 0-0: Foul Ball, location: 2F
0-1: Ball
1-1: Ball
2-1: Foul Ball, location: 2F
2-2: Foul Ball, location: 2F
2-2: Foul Ball, location: 2F
2-2: Fly out, F7 (Flyball, 8LS, EV 93.1 MPH)
Top of the 4th over - 0 runs, 0 hits, 0 errors, 0 left on base; Miami Beach 1 - Amarillo 0
BOTTOM OF THE 4TH
Amarillo ThunderHeads batting - Pitching for Miami Beach Marlins : LHP Shigeki Takeuchi
Batting: RHB Mike Trujillo 0-0: SINGLE (Flyball, 89S, EV 95.0 MPH)
Batting: RHB Marços Berto 0-0: Swinging Strike
0-1: Foul Ball, location: 2F
0-2: DOUBLE (Groundball, 5L, EV 96.3 MPH)
Mike Trujillo to third
Batting: RHB Kisho Ito 0-0: Ball
1-0: Ball
2-0: Called Strike
2-1: Foul Ball, location: 2F
2-2: Ball
3-2: DOUBLE (Line Drive, 78D, EV 99.4 MPH)
Mike Trujillo scores
Marços Berto scores
Batting: RHB Luis Mendoza 0-0: Ball
1-0: Called Strike
1-1: Foul Ball, location: 2F
1-2: Ground out 6-3 (Groundball, 6, EV 88.8 MPH)
Kisho Ito to third
Batting: LHB Javy Cisneros 0-0: Called Strike
0-1: Ball
1-1: Ball
2-1: Called Strike
2-2: Fly out, F7 (Flyball, 7LM, EV 108.1 MPH)
Runner from 3rd tags up, SCORES, throw by LF
Batting: SHB Manny Morales 0-0: Called Strike
0-1: Swinging Strike
0-2: Ball
1-2: Strikes out swinging
Bottom of the 4th over - 3 runs, 3 hits, 0 errors, 0 left on base; Miami Beach 1 - Amarillo 3
TOP OF THE 5TH
Miami Beach Marlins batting - Pitching for Amarillo ThunderHeads : RHP Mario Lopez
Batting: LHB Kyle Goodwin 0-0: Ball
1-0: SINGLE (Flyball, 89S, EV 84.4 MPH)
Batting: RHB Kenny Dickey 0-0: Ball
1-0: Ball
2-0: Called Strike
2-1: SINGLE (Flyball, 9LS, EV 97.5 MPH)
Kyle Goodwin to second
Batting: RHB Matt Heintz 0-0: Called Strike
0-1: Ball
1-1: Ball
2-1: Called Strike
2-2: Fly out, F8 (Flyball, 8RS, EV 93.8 MPH)
Batting: LHB Shigeki Takeuchi 0-0: Sac Bunt to 13S - play at first, batter OUT! 1-4
Kyle Goodwin to third
Kenny Dickey to second
Batting: LHB Mike Sammons 0-0: Ball
1-0: 3-RUN HOME RUN (Flyball, 89XD, EV 101.3 MPH), Distance : 393 ft
Batting: RHB Ethan Roberts 0-0: Called Strike
0-1: Foul Ball, location: 2F
0-2: Ball
1-2: Ball
2-2: Ball
3-2: Foul Ball, location: 2F
3-2: Ground out 6-3 (Groundball, 6M, EV 104.4 MPH)
Top of the 5th over - 3 runs, 3 hits, 0 errors, 0 left on base; Miami Beach 4 - Amarillo 3
BOTTOM OF THE 5TH
Amarillo ThunderHeads batting - Pitching for Miami Beach Marlins : LHP Shigeki Takeuchi
Batting: LHB Takeo Nishiguchi 0-0: Ball
1-0: Swinging Strike
1-1: Foul Ball, location: 2F
1-2: Foul Ball, location: 2F
1-2: Ball
2-2: Strikes out swinging
Batting: RHB Milion Kahangi 0-0: Foul Ball, location: 2F
0-1: Ball
1-1: Ball
2-1: Ball
3-1: Called Strike
3-2: Strikes out swinging
Batting: RHB Mario Lopez 0-0: Ball
1-0: Called Strike
1-1: Called Strike
1-2: Ground out 5-3 (Groundball, 5S, EV 69.4 MPH)
Bottom of the 5th over - 0 runs, 0 hits, 0 errors, 0 left on base; Miami Beach 4 - Amarillo 3
TOP OF THE 6TH
Miami Beach Marlins batting - Pitching for Amarillo ThunderHeads : RHP Mario Lopez
Batting: SHB Carlos Rodriguez 0-0: Ball
1-0: SINGLE (Groundball, 4MD, EV 98.8 MPH)
Batting: RHB Armando Colon 0-0: Ball
1-0: Called Strike
1-1: Ball
Carlos Rodriguez steals 2nd, throwing error, E2
Carlos Rodriguez to third
2-1: Intentional Walk
Batting: SHB Bill Burd 0-0: Ball
1-0: Called Strike
1-1: Ball
2-1: Foul Ball, location: 2F
2-2: Foul Ball, location: 2F
2-2: Foul Ball, location: 2F
2-2: Foul Ball, location: 2F
2-2: Ball
3-2: Foul Ball, location: 2F
3-2: DOUBLE (Flyball, 8RXD, EV 107.5 MPH)
Carlos Rodriguez scores
Armando Colon to third
Runner from 3rd tries for Home, SAFE, no throw by CF
Batting: LHB Kyle Goodwin 0-0: Intentional Walk
Pitching: LHP Benedikt Potmesil
Batting: RHB Kenny Dickey 0-0: Foul Ball, location: 2F
0-1: Foul Ball, location: 2F
0-2: Ball
1-2: Ball
2-2: Foul Ball, location: 2F
2-2: Strikes out swinging
Batting: RHB Matt Heintz 0-0: Foul Ball, location: 2F
0-1: Swinging Strike
0-2: Fly out, F5 (Popup, 56, EV 71.3 MPH)
Batting: LHB Shigeki Takeuchi 0-0: Called Strike
0-1: Fly out, F8 (Flyball, 8LM, EV 93.1 MPH)
Top of the 6th over - 2 runs, 2 hits, 1 error, 2 left on base; Miami Beach 6 - Amarillo 3
BOTTOM OF THE 6TH
Amarillo ThunderHeads batting - Pitching for Miami Beach Marlins : LHP Shigeki Takeuchi
Batting: RHB Mike Trujillo 0-0: Ball
1-0: Ball
2-0: Swinging Strike
2-1: Swinging Strike
2-2: Ball
3-2: Base on Balls
Batting: RHB Marços Berto 0-0: Called Strike
0-1: Swinging Strike
0-2: Strikes out swinging
Batting: RHB Kisho Ito 0-0: Swinging Strike
0-1: Swinging Strike
0-2: Ball
1-2: Ball
2-2: Strikes out looking
Batting: RHB Luis Mendoza 0-0: Ball
1-0: Ball
2-0: Ground out 4-3 (Groundball, 34, EV 85.0 MPH)
Bottom of the 6th over - 0 runs, 0 hits, 0 errors, 1 left on base; Miami Beach 6 - Amarillo 3
TOP OF THE 7TH
Miami Beach Marlins batting - Pitching for Amarillo ThunderHeads : LHP Benedikt Potmesil
Batting: LHB Mike Sammons 0-0: Ground out 5-3 (Groundball, 56S, EV 69.4 MPH)
Batting: RHB Ethan Roberts 0-0: Ball
1-0: Ball
2-0: Ground out 6-3 (Groundball, 56, EV 103.1 MPH)
Batting: SHB Carlos Rodriguez 0-0: Ball
1-0: Ball
2-0: Foul Ball, location: 2F
2-1: Ball
3-1: Foul Ball, location: 2F
3-2: SINGLE (Groundball, 4S, EV 69.4 MPH) (infield hit)
Batting: RHB Armando Colon 0-0: Ball
1-0: Ball
Carlos Rodriguez steals 2nd base
2-0: Intentional Walk
Batting: SHB Bill Burd 0-0: Fly out, F9 (Flyball, 89S, EV 84.4 MPH)
Top of the 7th over - 0 runs, 1 hit, 0 errors, 2 left on base; Miami Beach 6 - Amarillo 3
BOTTOM OF THE 7TH
Amarillo ThunderHeads batting - Pitching for Miami Beach Marlins : LHP Shigeki Takeuchi
Batting: LHB Javy Cisneros 0-0: Ball
1-0: Called Strike
1-1: Swinging Strike
1-2: Strikes out swinging
Batting: SHB Manny Morales 0-0: Ball
1-0: Ground out U3 (Groundball, 3, EV 88.8 MPH)
Batting: LHB Takeo Nishiguchi 0-0: Ball
1-0: Swinging Strike
1-1: Fly out, F3 (Popup, 3S, EV 80.6 MPH)
Bottom of the 7th over - 0 runs, 0 hits, 0 errors, 0 left on base; Miami Beach 6 - Amarillo 3
TOP OF THE 8TH
Miami Beach Marlins batting - Pitching for Amarillo ThunderHeads : LHP Benedikt Potmesil
Batting: LHB Kyle Goodwin 0-0: Ground out 1-3 (Groundball, P, EV 76.3 MPH)
Batting: RHB Kenny Dickey 0-0: Ground out 4-3 (Groundball, 4, EV 80.0 MPH)
Batting: RHB Matt Heintz 0-0: Foul Ball, location: 2F
0-1: Bunt missed!
0-2: Ground out 6-3 (Groundball, 6, EV 85.0 MPH)
Top of the 8th over - 0 runs, 0 hits, 0 errors, 0 left on base; Miami Beach 6 - Amarillo 3
BOTTOM OF THE 8TH
Amarillo ThunderHeads batting - Pitching for Miami Beach Marlins : LHP Shigeki Takeuchi
Pitching: LHP Oscar Patron
Batting: RHB Milion Kahangi 0-0: Swinging Strike
0-1: Foul Ball, location: 2F
0-2: Foul Ball, location: 2F
0-2: Ball
1-2: Ball
2-2: Foul Ball, location: 2F
2-2: Ground out 6-3 (Groundball, 6, EV 109.4 MPH)
Batting: LHB Benedikt Potmesil 0-0: Fly out, F7 (Flyball, 78S, EV 85.6 MPH)
Batting: RHB Mike Trujillo 0-0: Ball
1-0: Ground out U3 (Groundball, 3, EV 81.3 MPH)
Bottom of the 8th over - 0 runs, 0 hits, 0 errors, 0 left on base; Miami Beach 6 - Amarillo 3
TOP OF THE 9TH
Miami Beach Marlins batting - Pitching for Amarillo ThunderHeads : LHP Benedikt Potmesil
Pitching: RHP Victor Moreta
Pinch Hitting: LHB Mike Gibbs 0-0: Called Strike
0-1: Ball
1-1: Ball
2-1: Called Strike
2-2: Strikes out swinging
Batting: LHB Mike Sammons 0-0: Called Strike
0-1: Ball
1-1: Ball
2-1: Called Strike
2-2: Ball
3-2: Base on Balls
Batting: RHB Ethan Roberts 0-0: Called Strike
0-1: Ball
1-1: Foul Ball, location: 2F
1-2: Ball
2-2: Strikes out swinging
Batting: SHB Carlos Rodriguez 0-0: Fly out, F7 (Flyball, 78D, EV 110.6 MPH)
Top of the 9th over - 0 runs, 0 hits, 0 errors, 1 left on base; Miami Beach 6 - Amarillo 3
BOTTOM OF THE 9TH
Amarillo ThunderHeads batting - Pitching for Miami Beach Marlins : LHP Oscar Patron
Pitching: LHP Jose Aguilar
Batting: RHB Marços Berto 0-0: Called Strike
0-1: Swinging Strike
0-2: Strikes out swinging
Batting: RHB Kisho Ito 0-0: Foul Ball, location: 2F
0-1: Foul Ball, location: 2F
0-2: Foul Ball, location: 2F
0-2: Fly out, F7 (Flyball, 7, EV 91.3 MPH)
Batting: RHB Luis Mendoza 0-0: SINGLE (Line Drive, 9LS, EV 103.8 MPH)
Batting: LHB Javy Cisneros 0-0: Ground out 4-3 (Groundball, 34, EV 86.9 MPH)
Bottom of the 9th over - 0 runs, 1 hit, 0 errors, 1 left on base; Miami Beach 6 - Amarillo 3
Sunday, July 16th , 2023 - OOTP Baseball 24.6 Build 69